 Dungeon Crawl Stone Soup version 0.29.0-15-g675c0067aa (webtiles) character file.

Game seed: 12000580704646786712

271 NoOffense the Sneak (level 6, -9/30 HPs)
             Began as a Spriggan Transmuter on Sept 10, 2022.
             Killed from afar by a gnoll (11 damage)
             ... with a puff of flame
             ... led by a gnoll bouda
             ... on level 4 of the Dungeon on Sept 11, 2022.
             The game lasted 00:46:19 (8486 turns).

NoOffense the Sneak (Spriggan Transmuter)           Turns: 8486, Time: 00:46:19

Health: -9/30      AC:  2    Str:  6    XL:     6   Next: 2%
Magic:  13/13      EV: 18    Int: 16    God:
Gold:   247        SH:  0    Dex: 16    Spells: 12/13 levels left

rFire   . . .      SeeInvis +   h - +0 flail (drain)
rCold   + . .      Faith    +   (no shield)
rNeg    . . .      Spirit   .   a - +0 robe
rPois   .          Reflect  .   (helmet restricted)
rElec   .          Harm     .   (no cloak)
rCorr   .          Rampage  .   (gloves unavailable)
Will    ++...                   (boots unavailable)
Stlth   +++.......              y - amulet of faith
HPRegen 0.10/turn               C - ring of protection from cold
MPRegen 0.13/turn               v - ring of willpower

@: very quick
A: very small, no large weapons, unfitting armour, see invisible, speed 3
a: no special abilities


You were on level 4 of the Dungeon.
You visited 1 branch of the dungeon, and saw 5 of its levels.

You collected 247 gold pieces.

Inventory:

Hand Weapons
 h - a +0 flail of draining (weapon)
 q - a +1 dagger of speed
Armour
 a - a +0 robe (worn)
Magical Staves
 B - a staff of poison
Jewellery
 p - a ring of magical power
 v - a ring of willpower (right hand)
 y - an amulet of faith (around neck)
 z - a ring of positive energy
 C - a ring of protection from cold (left hand)
Wands
 w - a wand of digging (5)
Scrolls
 c - 13 scrolls of identify {unknown}
 i - a scroll of amnesia {unknown}
 k - a scroll of noise {unknown}
 m - 4 scrolls of teleportation {unknown}
 n - 2 scrolls of immolation {unknown}
 r - a scroll of fear {unknown}
 t - 2 scrolls of enchant armour {unknown}
 x - a scroll of magic mapping {unknown}
Potions
 b - 5 potions of lignification
 d - a potion of resistance {unknown}
 e - a potion of degeneration {unknown}
 f - 2 potions of curing {unknown}
 g - a potion of heal wounds {unknown}
 j - a potion of cancellation {unknown}
 l - 2 potions of might {unknown}
 o - 2 potions of haste {unknown}
 s - a potion of flight {unknown}
 u - a potion of brilliance {unknown}
 A - a potion of attraction {unknown}


   Skills:
 + Level 2.0 Fighting
 + Level 4.1 Dodging
 * Level 5.5 Stealth
 - Level 3.0 Unarmed Combat
 + Level 4.0 Spellcasting
 - Level 3.0 Transmutations


You had 12 spell levels left.
You knew the following spells:

 Your Spells              Type           Power      Damage    Failure   Level
a - Beastly Appendage     Tmut           24%        N/A       4%          1

Your spell library contained the following spells:

 Spells                   Type           Power      Damage    Failure   Level
 Wereblood                Tmut           12%        N/A       8%          2
 Sting                    Tmut/Pois      32%        1d4       9%          1
 Poisonous Vapours        Pois/Air       6%         N/A       26%         2
 Spider Form              Tmut/Pois      8%         N/A       26%         3
 Ice Form                 Ice/Tmut       8%         N/A       65%         4
 Olgreb's Toxic Radiance  Pois           3%         N/A       86%         4


Dungeon Overview and Level Annotations

Branches:
Dungeon (5/15)             Temple (0/1) D:5

Altars:
Hepliaklqana
Trog
Uskayaw
Vehumet
Wu Jian


Innate Abilities, Weirdness & Mutations

You are very small and have problems with some larger weapons.
You are too small for most types of armour.
You have supernaturally acute eyesight. (SInv)
You cover ground extremely quickly. (Speed+++)


Message History

The orc is moderately wounded.
The orc closely misses you.
You hit the orc. You drain the orc.
You kill the orc!
Things that are here:
a +0 whip; a +0 ring mail
There is a stone staircase leading down here.
You climb downwards.
There is a stone staircase leading up here.
You see here a howler monkey skeleton.
HP restored.
The gnoll shouts!
There is an open door here.
You barely miss the giant cockroach.
The giant cockroach bites you but does no damage.
You closely miss the giant cockroach.
The giant cockroach bites you but does no damage.
The giant cockroach misses you.
You barely miss the giant cockroach. The giant cockroach closely misses you.
The giant cockroach bites you but does no damage.
You hit the giant cockroach.
You kill the giant cockroach!
You hit the gnoll but do no damage. You drain the gnoll.
The gnoll is moderately wounded.
The gnoll hits you with a +0 flail! x2
* * * LOW HITPOINT WARNING * * *
Throw: 2 darts (poison)
Press: ? - help, Q - select action, (/) - cycle Shift-Dir - straight line, f - gnoll
Aim: a gnoll, wielding a +0 flail, wearing a +0 ring mail and carrying a wand of flame (23) (moderately wounded, heavily drained, 68% to hit)
You throw a poisoned dart. The poisoned dart hits the gnoll.
The gnoll is moderately wounded.
Throw: dart (poison)
Press: ? - help, Q - select action, (/) - cycle Shift-Dir - straight line, f/p - gnoll
Aim: a gnoll, wielding a +0 flail, wearing a +0 ring mail and carrying a wand of flame (23) (moderately wounded, heavily drained, 68% to hit)
You throw a poisoned dart. The poisoned dart hits the gnoll.
The gnoll is moderately wounded.
The gnoll zaps a wand.
The puff of flame hits you!
* * * LOW HITPOINT WARNING * * *
The gnoll zaps a wand.
The puff of flame hits you!
You die...

.....#..........##.....##....#
.....#...........#...........#
.....#...........#...........#
...รท.###'####'####.....#######
####.......##...##.....##....#
#.......#....#########....#
#.......#...<#.......#....#
#.......#....#.......#....#
#.......#....@.......#....#
#.......######.......#....#
#....................#....#
########.............'....#
#.............#....#
#.............######
#......g......#
#######.............#
#...................#


You could see a gnoll (very drained).

Vanquished Creatures
  A howler monkey (D:4)
  A hound (D:4)
  2 iguanas
  A hound skeleton (D:3)
  A gnoll (D:3)
  2 adders
  An adder skeleton (D:3)
  An adder zombie (D:3)
  4 dart slugs
  7 orcs
  12 bats
  9 endoplasms
  8 giant cockroaches
  7 hobgoblins
  3 jackals (D:1)
  3 quokkas
  8 ball pythons
  2 ball python skeletons (D:3)
  4 frilled lizards
  5 goblins
  2 kobolds
  A quokka skeleton (D:3)
  5 rats
90 creatures vanquished.

Vanquished Creatures (others)
  A wizard (D:3)
1 creature vanquished.

Grand Total: 91 creatures vanquished

Notes
Turn   | Place    | Note
-------+----------+-------------------------------------------
     0 | D:1      | NoOffense the Spriggan Transmuter began the quest for the
                  | Orb.
     0 | D:1      | Reached XP level 1. HP: 9/9 MP: 5/5
   162 | D:1      | Reached skill level 1 in Stealth
   452 | D:1      | Reached XP level 2. HP: 7/14 MP: 4/6
   909 | D:1      | Reached skill level 1 in Fighting
   930 | D:1      | Reached skill level 2 in Stealth
  1707 | D:1      | Reached XP level 3. HP: 16/18 MP: 6/8
  2653 | D:2      | Reached skill level 3 in Stealth
  2877 | D:2      | Upgraded the game from 0.29.0-13-gc9e81de378 to
                  | 0.29.0-15-g675c0067aa
  3057 | D:3      | Reached XP level 4. HP: 22/22 MP: 9/9
  3088 | D:3      | Found a bloodstained altar of Trog.
  3090 | D:3      | Noticed a wizard
  3098 | D:3      | Killed a wizard
  3296 | D:3      | You fall into a shaft and drop 2 floors!
  3296 | D:5      | Entered Level 5 of the Dungeon
  3302 | D:5      | Found a staircase to the Ecumenical Temple.
  3395 | D:5      | Found a hazy altar of Hepliaklqana.
  3408 | D:5      | Found a radiant altar of Vehumet.
  3495 | D:5      | Noticed an ogre
  3577 | D:5      | Noticed a phantom
  3630 | D:5      | Noticed a water moccasin
  3691 | D:5      | Found an ornate altar of the Wu Jian Council.
  3726 | D:5      | Noticed a scorpion
  3736 | D:5      | Found a hide-covered altar of Uskayaw.
  4039 | D:4      | Noticed a phantom
  4151 | D:3      | Reached skill level 4 in Stealth
  5349 | D:3      | Reached XP level 5. HP: 25/25 MP: 11/11
  7611 | D:5      | Reached skill level 5 in Stealth
  8091 | D:4      | Reached XP level 6. HP: 21/30 MP: 10/12
  8486 | D:4      | Killed from afar by a gnoll

Illustrated notes

Levels and vault maps discovered:
D:1:      dpeg_arrival_stone_temple_mockup, layout_loops_corners
D:2:      layout_basic, kennysheep_nub, fountainhead
D:3:      layout_basic, trog_wizard, serial_undead, serial_undead_a,
          serial_undead_d, serial_undead_a, serial_undead_c
D:4:      layout_gridville
D:5:      layout_loops_ring, eat_drink_and_be_merry_uskayaw,
          mainiacjoe_overflow_large_starburst, mainiacjoe_overflow_chevrons,
          minmay_temple_entry_ruins, minmay_manual_mandibuliform

Skill      XL: |  1  2  3  4  5  6 |
---------------+-------------------+-----
Stealth        | 1 2 3 4 5 |  5.5
Fighting       | 1 2 |  2.0
Dodging        | 3 4 |  4.1
Spellcasting   | 3 4 |  4.0
Transmutations | 3 |  3.0
Unarmed Combat | 3 |  3.0

Action                   |  1- 3 |  4- 6 || total
-------------------------+-------+-------++-------
Melee: Unarmed           |   147 |    65 ||   212
       Kick              |    16 |    44 ||    60
       Headbutt          |     8 |    22 ||    30
       Punch             |     4 |     2 ||     6
       Dagger            |     8 |    81 ||    89
       Staff             |       |    10 ||    10
       Flail             |       |     7 ||     7
Throw: Dart              |    11 |    64 ||    75
 Cast: Beastly Appendage |    19 |    23 ||    42
 Stab: Sleeping          |    10 |     1 ||    11
       Distracted        |     1 |       ||     1
Armor: Robe              |    21 |     9 ||    30
Dodge: Dodged            |   122 |   111 ||   233
